[Event "27th 4NCL Congress Open 2022"]
[Site "Harrogate"]
[Date "2022.01.22"]
[Round "2.22"]
[White "Miller, George"]
[Black "Bak, Christopher"]
[Result "1/2-1/2"]
[ECO "C11"]
[WhiteElo "1796"]
[BlackElo "2022"]
[Annotator "ChessBase"]
[PlyCount "60"]
[EventDate "2022.01.21"]
[EventType "swiss"]
[EventCountry "ENG"]
[SourceTitle "playchess.com"]
[Source "ChessBase"]
[SourceQuality "1"]
[TimeControl "5400+30"]

1. e4 e6 2. Nc3 d5 3. Nf3 Nf6 4. e5 Nfd7 5. d4 c5 6. Bg5 Qb6 7. dxc5 Bxc5 8. Qd2 Nc6 9. Na4 Bxf2+ 10. Qxf2 Qb4+ 11. Nc3 Qxb2 12. Kd2 Qxa1 13. Nb5 Ncxe5 14. Bd3 Nxd3 15. Kxd3 Qxa2 16. Nc7+ Kf8 17. Nxa8 Qc4+ 18. Kd2 Nc5 19. Re1 b6 20. Ne5 Qb4+ 21. Kc1 f5 22. Bf4 g5 23. Bxg5 Ne4 24. Bh6+ Ke8 25. Qh4 Qa3+ 26. Kd1 Qa1+ 27. Bc1 Nc3+ 28. Kd2 Nb1+ 29. Kd1 Nc3+ 30. Kd2 Nb1+ 1/2-1/2

[Event "27th 4NCL Congress Open 2022"]
[Site "Harrogate"]
[Date "2022.01.22"]
[Round "2.23"]
[White "Coates, Sam"]
[Black "Bayford, Jim R"]
[Result "1-0"]
[ECO "A22"]
[WhiteElo "1689"]
[BlackElo "2023"]
[Annotator "NA"]
[PlyCount "79"]
[EventDate "2022.01.21"]
[EventType "swiss"]
[EventCountry "ENG"]
[SourceTitle "playchess.com"]
[Source "ChessBase"]
[SourceQuality "1"]
[TimeControl "5400+30"]

1. c4 e5 2. Nc3 Nf6 3. g3 d5 4. cxd5 Nxd5 5. Bg2 Nxc3 6. bxc3 c6 7. Nf3 Bd6 8. O-O O-O 9. d3 h6 10. Qc2 Bf5 11. Nd2 Nd7 12. Nc4 Bc7 13. f4 exf4 14. Bxf4 Bg6 15. Rad1 Nb6 16. Ne5 Bh7 17. e4 g5 18. Ng4 gxf4 19. gxf4 h5 20. Ne3 Qh4 21. e5 Nd5 22. Nxd5 cxd5 23. Bxd5 Kh8 24. Kh1 Bb6 25. Qe2 Bf5 26. d4 $17 Bg4 27. Bf3 Rg8 28. Rg1 Rac8 29. Rd3 Bxf3+ 30. Rxf3 Rxg1+ 31. Kxg1 Qg4+ 32. Kf1 Rg8 33. Qf2 Qf5 34. Rg3 Qb1+ 35. Kg2 Qe4+ 36. Kh3 Qf5+ 37. Kg2 Bd8 38. Qf3 Qc2+ 39. Kh3 Qxa2 40. Qxh5# 1-0

[Event "27th 4NCL Congress Open 2022"]
[Site "Harrogate"]
[Date "2022.01.22"]
[Round "2.24"]
[White "May, Paul"]
[Black "Faulkner, Martin J"]
[Result "0-1"]
[ECO "E27"]
[WhiteElo "1735"]
[BlackElo "1833"]
[Annotator "NA"]
[PlyCount "78"]
[EventDate "2022.01.21"]
[EventType "swiss"]
[EventCountry "ENG"]
[SourceTitle "playchess.com"]
[Source "ChessBase"]
[SourceQuality "1"]
[TimeControl "5400+30"]

1. d4 Nf6 2. c4 e6 3. Nc3 Bb4 4. f3 O-O 5. a3 Bxc3+ 6. bxc3 Ne8 7. e4 b6 8. Bd3 Ba6 9. e5 Nc6 10. Qc2 h6 11. Be3 Na5 12. Qe2 d5 13. cxd5 Bxd3 14. Qxd3 Qxd5 15. Ne2 Rd8 16. Qc2 Nc4 17. Bc1 c5 18. Nf4 Qc6 19. Ne2 Nc7 20. Qe4 Qxe4 21. fxe4 cxd4 22. cxd4 Nb5 23. O-O Nxd4 24. Ng3 Nb3 25. Ra2 Nxe5 26. Be3 Rd3 27. Bf4 Nc4 28. Nh5 Rfd8 29. a4 Ncd2 30. Re1 Nc4 31. Rf1 Nc5 32. Re1 e5 33. Bc1 Rd1 34. Rae2 Rxe1+ 35. Rxe1 Nxa4 36. Ng3 Nc3 37. Nf5 Kf8 38. Kf2 a5 39. h3 a4 0-1

[Event "27th 4NCL Congress Open 2022"]
[Site "Harrogate"]
[Date "2022.01.22"]
[Round "3.5"]
[White "Jones, Steven A"]
[Black "Townsend, M Paul"]
[Result "1-0"]
[ECO "C01"]
[WhiteElo "2212"]
[BlackElo "2159"]
[Annotator "ChessBase"]
[PlyCount "95"]
[EventDate "2022.01.21"]
[EventType "swiss"]
[EventCountry "ENG"]
[SourceTitle "playchess.com"]
[Source "ChessBase"]
[SourceQuality "1"]
[TimeControl "5400+30"]

1. e4 e6 2. d4 d5 3. exd5 exd5 4. Nf3 Nf6 5. Bd3 c5 6. O-O c4 7. Re1+ Be7 8. Bf1 O-O 9. b3 cxb3 10. axb3 Nc6 11. Ne5 Nxe5 12. dxe5 Ne4 13. Bd3 Bb4 14. c3 Bc5 15. Be3 Bxe3 16. Rxe3 Bf5 17. Qc2 Bg6 18. Nd2 Nc5 19. Bxg6 hxg6 20. Nf3 Qb6 21. Nd4 Rac8 22. h4 Ne6 23. Nxe6 Qxe6 24. Qd3 a6 25. Ra4 Rc5 26. Rd4 Rfc8 27. Qd2 Qc6 28. Rdd3 a5 29. Rh3 b5 30. h5 Qe6 31. hxg6 fxg6 32. Qg5 Qf5 33. Qh4 Qh5 34. Qe7 Qf5 35. Rhf3 R5c7 36. Qd6 Qd7 37. Qxg6 Rc6 38. Qg5 a4 39. Qd2 a3 40. Rxd5 Qe6 41. Rd8+ Rxd8 42. Qxd8+ Kh7 43. Rh3+ Kg6 44. Qf8 Qxh3 45. gxh3 Ra6 46. Qc8 Ra5 47. Qc7 Ra6 48. Qb7 1-0

[Event "27th 4NCL Congress Open 2022"]
[Site "Harrogate"]
[Date "2022.01.22"]
[Round "3.6"]
[White "Bradbury, Neil H"]
[Black "Gardiner, Eric D"]
[Result "1/2-1/2"]
[ECO "D24"]
[WhiteElo "2241"]
[BlackElo "1982"]
[Annotator "ChessBase"]
[PlyCount "87"]
[EventDate "2022.01.21"]
[EventType "swiss"]
[EventCountry "ENG"]
[SourceTitle "playchess.com"]
[Source "ChessBase"]
[SourceQuality "1"]
[TimeControl "5400+30"]

1. d4 d5 2. c4 dxc4 3. Nf3 a6 4. a4 Nf6 5. e3 Bg4 6. Bxc4 e6 7. Nc3 Nc6 8. h3 Bh5 9. O-O Be7 10. Re1 O-O 11. Bf1 Bb4 12. g4 Bg6 13. Bg2 Ne4 14. Bd2 Nxd2 15. Nxd2 Qd7 16. Rc1 Rad8 17. Nc4 b5 18. axb5 axb5 19. Na3 Bxc3 20. bxc3 Na5 21. Ra1 c5 22. dxc5 Qe7 23. Qe2 Nb3 24. Ra2 Qxc5 25. e4 Qxc3 26. Nxb5 Qe5 27. Na3 Nd4 28. Qe3 f6 29. Rd2 Nc6 30. Nc4 Qb5 31. Nd6 Qb4 32. Red1 e5 33. Nf5 Rxd2 34. Qxd2 Qxd2 35. Rxd2 Bxf5 36. exf5 Nd4 37. f4 Rd8 38. Kf2 exf4 39. Rb2 g5 40. Rb6 Kg7 41. Rb7+ Kg8 42. Rb6 Kg7 43. Rb7+ Kg8 44. Rb6 1/2-1/2

[Event "27th 4NCL Congress Open 2022"]
[Site "Harrogate"]
[Date "2022.01.22"]
[Round "3.7"]
[White "Makkar, Rajat"]
[Black "McKay, Jonathan"]
[Result "1-0"]
[ECO "D00"]
[WhiteElo "2260"]
[BlackElo "1832"]
[Annotator "ChessBase"]
[PlyCount "71"]
[EventDate "2022.01.21"]
[EventType "swiss"]
[EventCountry "ENG"]
[SourceTitle "playchess.com"]
[Source "ChessBase"]
[SourceQuality "1"]
[TimeControl "5400+30"]

1. d4 Nf6 2. Nc3 d5 3. Bf4 c6 4. e3 Qb6 5. Rb1 Bf5 6. f3 e6 7. g4 Bg6 8. h4 h6 9. h5 Bh7 10. Bd3 Bxd3 11. Qxd3 c5 12. Nge2 Nc6 13. Kf1 Nb4 14. Qd2 cxd4 15. exd4 a6 16. a3 Nc6 17. Kg2 Na5 18. Na4 Qd8 19. b3 b5 20. Nb2 Nc6 21. Nd3 Bd6 22. Rbe1 a5 23. Nc5 Qe7 24. Bxd6 Qxd6 25. Ng3 Kf8 26. Re2 Nd7 27. b4 axb4 28. axb4 Nb6 29. c3 Nc4 30. Qd3 Ra3 31. Rhe1 Ra8 32. Nxe6+ fxe6 33. Rxe6 Qd7 34. Qf5+ Kg8 35. Qg6 N6e5 36. dxe5 1-0

[Event "27th 4NCL Congress Open 2022"]
[Site "Harrogate"]
[Date "2022.01.22"]
[Round "3.8"]
[White "Jarmany, John"]
[Black "Smith, Andrew Philip"]
[Result "0-1"]
[ECO "A67"]
[WhiteElo "2126"]
[BlackElo "2112"]
[Annotator "ChessBase"]
[PlyCount "98"]
[EventDate "2022.01.21"]
[EventType "swiss"]
[EventCountry "ENG"]
[SourceTitle "playchess.com"]
[Source "ChessBase"]
[SourceQuality "1"]
[TimeControl "5400+30"]

1. d4 Nf6 2. c4 c5 3. d5 e6 4. Nc3 exd5 5. cxd5 d6 6. e4 g6 7. f4 Bg7 8. Bb5+ Nfd7 9. Nf3 a6 10. Bd3 b5 11. O-O b4 12. Ne2 O-O 13. f5 Nf6 14. fxg6 hxg6 15. Qe1 c4 16. Bc2 Qb6+ 17. Kh1 Bg4 18. Qh4 Nbd7 19. Bg5 Rae8 20. Bxf6 Nxf6 21. Ng5 Bxe2 22. Rxf6 Bh5 23. Rf4 Qd8 24. Raf1 Re5 25. Nf3 Bxf3 26. Qxd8 Bxg2+ 27. Kxg2 Rxd8 28. Rxf7 Rg5+ 29. Kh1 Bxb2 30. Rc7 Bd4 31. Rxc4 Bc5 32. Bd3 Kg7 33. Rcc1 a5 34. Rc2 Rf8 35. Rg2 Rxf1+ 36. Bxf1 Kf6 37. Rxg5 Kxg5 38. Kg2 Kf4 39. Bd3 a4 40. Bc2 b3 41. axb3 a3 42. Bb1 Ke3 43. b4 Bxb4 44. Kg3 Bc3 45. Kg4 Bf6 46. h3 Kd2 47. e5 dxe5 48. Kf3 Kc1 49. Ba2 Kb2 0-1

[Event "27th 4NCL Congress Open 2022"]
[Site "Harrogate"]
[Date "2022.01.22"]
[Round "3.9"]
[White "Onslow, Alfie"]
[Black "Pink, Joshua"]
[Result "1-0"]
[ECO "B12"]
[WhiteElo "2038"]
[BlackElo "1939"]
[Annotator "ChessBase"]
[PlyCount "93"]
[EventDate "2022.01.21"]
[EventType "swiss"]
[EventCountry "ENG"]
[SourceTitle "playchess.com"]
[Source "ChessBase"]
[SourceQuality "1"]
[TimeControl "5400+30"]

1. e4 c6 2. d4 d5 3. e5 Bf5 4. Nf3 e6 5. Be2 Nd7 6. O-O Ne7 7. Nh4 Bg6 8. Nd2 Nf5 9. Nxg6 hxg6 10. Nf3 Qb6 11. a4 Be7 12. a5 Qc7 13. a6 b5 14. c3 f6 15. Bf4 g5 16. exf6 Qxf4 17. g3 Nxg3 18. fxg3 Qxf6 19. Ne5 Qh6 20. Ng4 Qh3 21. Rf2 Bd6 22. Qf1 Qxf1+ 23. Bxf1 e5 24. Rf5 e4 25. Rxg5 O-O 26. Nh6+ Kh8 27. Nf5 Bc7 28. Rh5+ Kg8 29. Ne7+ Kf7 30. Nxc6 Kg6 31. Rxd5 Nf6 32. Rxb5 Ng4 33. Re1 Rf6 34. Ne7+ Kf7 35. Nd5 Nxh2 36. Kxh2 Rf2+ 37. Bg2 Rh8+ 38. Kg1 Bxg3 39. Re3 Bh4 40. Rxe4 Rd2 41. Rb7+ Kg6 42. Rg4+ Kf5 43. Ne3+ Kf6 44. Rf4+ Kg5 45. Rf5+ Kg6 46. Be4 Re8 47. Re5+ 1-0

[Event "27th 4NCL Congress Open 2022"]
[Site "Harrogate"]
[Date "2022.01.22"]
[Round "3.10"]
[White "Faulkner, Martin J"]
[Black "Burnett, Andrew"]
[Result "0-1"]
[ECO "E63"]
[WhiteElo "1833"]
[BlackElo "2183"]
[Annotator "ChessBase"]
[PlyCount "92"]
[EventDate "2022.01.21"]
[EventType "swiss"]
[EventCountry "ENG"]
[SourceTitle "playchess.com"]
[Source "ChessBase"]
[SourceQuality "1"]
[TimeControl "5400+30"]

1. c4 g6 2. Nf3 Bg7 3. d4 d6 4. g3 Nf6 5. Bg2 O-O 6. Nc3 Nc6 7. O-O a6 8. b3 Bf5 9. Nh4 Bd7 10. Bb2 e5 11. dxe5 dxe5 12. h3 Re8 13. e3 e4 14. g4 h6 15. Qe2 Qe7 16. Rad1 Rad8 17. Bh1 Ne5 18. f4 exf3 19. Nxf3 Nxf3+ 20. Rxf3 Bc6 21. Rxd8 Rxd8 22. e4 Qc5+ 23. Qf2 Qxf2+ 24. Rxf2 Rd3 25. Nd5 Bxd5 26. cxd5 Ne8 27. Bxg7 Kxg7 28. Kh2 Re3 29. Rc2 Kf6 30. Rf2+ Ke7 31. Rc2 g5 32. Bg2 Kd6 33. Kg1 Re1+ 34. Kf2 Ra1 35. Ke3 Ke5 36. Rf2 f6 37. Rf5+ Kd6 38. Rf2 Rc1 39. Kd2 Rg1 40. Kd3 a5 41. Kc4 Rc1+ 42. Kd4 b5 43. Bf1 Rd1+ 44. Ke3 Kc5 45. a3 Rc1 46. Kd3 b4 0-1

[Event "27th 4NCL Congress Open 2022"]
[Site "Harrogate"]
[Date "2022.01.22"]
[Round "3.11"]
[White "Brencher, Paul"]
[Black "Ther, Mate"]
[Result "0-1"]
[ECO "A45"]
[WhiteElo "1875"]
[BlackElo "2031"]
[Annotator "ChessBase"]
[PlyCount "182"]
[EventDate "2022.01.21"]
[EventType "swiss"]
[EventCountry "ENG"]
[SourceTitle "playchess.com"]
[Source "ChessBase"]
[SourceQuality "1"]
[TimeControl "5400+30"]

1. d4 Nf6 2. Bg5 Ne4 3. Bf4 e6 4. e3 b6 5. Bd3 Bb7 6. Nf3 Be7 7. O-O O-O 8. c4 d6 9. Nfd2 f5 10. f3 Nxd2 11. Nxd2 e5 12. Bg3 exd4 13. exd4 Bf6 14. Bf2 g6 15. Re1 a5 16. a4 Nc6 17. Nb3 Nb4 18. Nc1 Qd7 19. Ne2 Rae8 20. Qd2 Re7 21. Nc3 Rxe1+ 22. Rxe1 Qg7 23. Bb1 h6 24. Be3 Re8 25. Rd1 Kh7 26. Bf2 Bg5 27. f4 Bf6 28. d5 Na6 29. Bd4 Nc5 30. Bxf6 Qxf6 31. Bc2 Bc8 32. Kf2 Bd7 33. g3 Kg7 34. Qd4 g5 35. Qxf6+ Kxf6 36. Re1 Rg8 37. b3 Na6 38. Ne2 Nb4 39. Nd4 gxf4 40. gxf4 Rg4 41. Kf3 h5 42. Bb1 Rg7 43. h3 h4 44. Ne6 Rg3+ 45. Kf2 Rxh3 46. Nf8 Bc8 47. Re8 Rxb3 48. Rxc8 Rxb1 49. Nh7+ Kg6 50. Ng5 Kh5 51. Ne6 Rb2+ 52. Kf3 Nd3 53. Rh8+ Kg6 54. Rxh4 Ne1+ 55. Kg3 Rg2+ 56. Kh3 Rg1 57. Ng5 Rh1+ 58. Kg3 Rxh4 59. Kxh4 Ng2+ 60. Kg3 Ne3 61. Ne6 Nxc4 62. Nxc7 Nb2 63. Nb5 Nxa4 64. Nxd6 Nc3 65. Kf3 Nxd5 66. Nc4 a4 67. Na3 Kf6 68. Nb5 Ke6 69. Nd4+ Kd6 70. Nxf5+ Kc5 71. Ke4 Nb4 72. Nd4 Kc4 73. f5 a3 74. f6 a2 75. f7 a1=Q 76. f8=Q Qxd4+ 77. Kf3 Nd3 78. Qc8+ Qc5 79. Qa6+ b5 80. Qa2+ Kd4 81. Qa1+ Qc3 82. Qa7+ Nc5+ 83. Kg2 Qd2+ 84. Kh1 Qe1+ 85. Kh2 b4 86. Qb6 Qe5+ 87. Kh1 Qd5+ 88. Kg1 b3 89. Qb4+ Qc4 90. Qd2+ Nd3 91. Qh6 Qc1+ 0-1

[Event "27th 4NCL Congress Open 2022"]
[Site "Harrogate"]
[Date "2022.01.22"]
[Round "3.12"]
[White "Stubbs, Oliver"]
[Black "Coates, Sam"]
[Result "1-0"]
[ECO "D02"]
[WhiteElo "1920"]
[BlackElo "1689"]
[Annotator "ChessBase"]
[PlyCount "79"]
[EventDate "2022.01.21"]
[EventType "swiss"]
[EventCountry "ENG"]
[SourceTitle "playchess.com"]
[Source "ChessBase"]
[SourceQuality "1"]
[TimeControl "5400+30"]

1. d4 d5 2. Bf4 c5 3. e3 cxd4 4. exd4 Nc6 5. c3 Nf6 6. Nd2 e6 7. Ngf3 Bd6 8. Bg3 O-O 9. Bd3 a5 10. Ne5 Ne7 11. f4 b6 12. Qe2 Bb7 13. Bf2 a4 14. a3 Qc8 15. Qf3 Ba6 16. Bc2 Bb5 17. g4 Ne8 18. Qh3 f5 19. O-O-O Nf6 20. gxf5 Nxf5 21. Rhg1 Ra7 22. Rg5 Rc7 23. Rxf5 exf5 24. Bxf5 Qe8 25. Rg1 Qh5 26. Be6+ Kh8 27. Bh4 Be8 28. Ndf3 b5 29. Rg5 Qh6 30. Kb1 Ne4 31. Bf5 Be7 32. Rg1 Qxf4 33. Bxh7 Nxc3+ 34. Ka1 Bh5 35. Bxe7 Rxe7 36. Qxh5 g5 37. Bc2+ Kg8 38. Rxg5+ Qxg5 39. Qxg5+ Rg7 40. Qe3 1-0

[Event "27th 4NCL Congress Open 2022"]
[Site "Harrogate"]
[Date "2022.01.22"]
[Round "3.13"]
[White "Eagleton, Greg T"]
[Black "Gordon, Sean"]
[Result "1/2-1/2"]
[ECO "D95"]
[WhiteElo "2078"]
[BlackElo "2039"]
[Annotator "NA"]
[PlyCount "90"]
[EventDate "2022.01.21"]
[EventType "swiss"]
[EventCountry "ENG"]
[SourceTitle "playchess.com"]
[Source "ChessBase"]
[SourceQuality "1"]
[TimeControl "5400+30"]

1. d4 Nf6 2. c4 g6 3. Nc3 d5 4. Nf3 Bg7 5. e3 O-O 6. Qb3 dxc4 7. Bxc4 Nc6 {[%emt 0:02:15] 7...c5 is the fancy move.} 8. Qa3 Qd6 {[%emt 0:08:37] [#]} (8... e5 $5) 9. Qxd6 $146 ({Predecessor:} 9. b3 Nb4 10. Qb2 Bf5 11. O-O c5 12. Nb5 Qb6 13. Bd2 Ne4 14. a4 a6 15. Na3 cxd4 16. exd4 Nxd2 17. Qxd2 {0-1 (41) Pataridis,J (2125)-Pavlicek Czech Republic 1996}) 9... cxd6 10. O-O a6 11. a4 b6 12. Bd2 Bb7 13. Rac1 Rac8 14. Nd5 Nxd5 15. Bxd5 e6 16. Ba2 d5 17. b4 Nb8 18. Rfd1 Nd7 19. b5 a5 20. h4 Bf6 21. g3 h6 22. Kf1 Be7 23. Rxc8 Rxc8 24. Rc1 Rxc1+ 25. Bxc1 Kg7 26. Ke2 Bd6 27. Bb2 f6 28. Nd2 Kf7 29. Kd3 f5 30. Ke2 g5 31. hxg5 hxg5 32. Nf3 Kf6 33. Nd2 g4 34. Nb1 Kg5 35. Ba3 Bxa3 36. Nxa3 Nf6 37. Bb1 Bc8 38. Bd3 Bd7 39. Nc2 Be8 40. Ne1 Ne4 41. Bc2 Nd6 42. Nd3 Kf6 43. Ne5 Nf7 44. Nd3 $11 Nd6 45. Nf4 Ne4 1/2-1/2

[Event "27th 4NCL Congress Open 2022"]
[Site "Harrogate"]
[Date "2022.01.22"]
[Round "3.14"]
[White "Lampard, Alice"]
[Black "Gomez Torres, Richard Daniel"]
[Result "0-1"]
[ECO "E26"]
[WhiteElo "1754"]
[BlackElo "2209"]
[Annotator "ChessBase"]
[PlyCount "108"]
[EventDate "2022.01.21"]
[EventType "swiss"]
[EventCountry "ENG"]
[SourceTitle "playchess.com"]
[Source "ChessBase"]
[SourceQuality "1"]
[TimeControl "5400+30"]

1. d4 Nf6 2. c4 e6 3. Nc3 Bb4 4. Qc2 O-O 5. Nf3 c5 6. a3 Bxc3+ 7. bxc3 Nc6 8. e3 b6 9. Be2 d6 10. O-O Qc7 11. Rd1 Ba6 12. Nd2 Rac8 13. Nb3 Ne7 14. Nd2 cxd4 15. cxd4 d5 16. a4 dxc4 17. Ba3 Rfe8 18. Rac1 Nc6 19. Bxc4 Na5 20. Bd3 Qd7 21. Qb1 Bxd3 22. Qxd3 Qxa4 23. Ra1 Qd7 24. Qa6 Rc7 25. h3 Qc8 26. Qd3 Qb7 27. Bd6 Rcc8 28. Rdb1 Nc6 29. Qa3 Ra8 30. Nc4 Rec8 31. Qd3 b5 32. Ne5 a6 33. Rb2 Nxe5 34. dxe5 Nd7 35. Rc2 Nb6 36. Rb1 Rxc2 37. Qxc2 Rc8 38. Qa2 Nc4 39. Rd1 h6 40. Ra1 Rc6 41. Bb4 a5 42. Be1 b4 43. Rd1 Qb5 44. Qb1 Rc8 45. Rc1 b3 46. Bxa5 b2 47. Rc2 Qxa5 48. Rxc4 Rxc4 49. Qxb2 Qc3 50. Qb8+ Kh7 51. Qb1+ Qc2 52. Qb7 Rc7 53. Qf3 Qb1+ 54. Kh2 Qf5 0-1

[Event "27th 4NCL Congress Open 2022"]
[Site "Harrogate"]
[Date "2022.01.22"]
[Round "3.15"]
[White "Horspool, Philip J"]
[Black "Wynarczyk, Raymond"]
[Result "1-0"]
[ECO "C41"]
[WhiteElo "2028"]
[BlackElo "1752"]
[Annotator "ChessBase"]
[PlyCount "83"]
[EventDate "2022.01.21"]
[EventType "swiss"]
[EventCountry "ENG"]
[SourceTitle "playchess.com"]
[Source "ChessBase"]
[SourceQuality "1"]
[TimeControl "5400+30"]

1. e4 e5 2. Nf3 d6 3. d4 exd4 4. Qxd4 a6 5. Be3 Nc6 6. Qd2 Bg4 7. Nd4 Bd7 8. Nc3 Nf6 9. Be2 Be7 10. h3 b5 11. a3 O-O 12. O-O Re8 13. f4 Bf8 14. Bf3 Nxd4 15. Bxd4 Rb8 16. e5 c5 17. exf6 cxd4 18. Qxd4 Qxf6 19. Qxf6 gxf6 20. Nd5 Kg7 21. Nc7 Rec8 22. Nxa6 Rb6 23. Nb4 Be6 24. c3 Rd8 25. Bd5 f5 26. Rfe1 Kf6 27. Rad1 Bh6 28. g3 Bf8 29. Kf2 Rc8 30. Re2 Rc5 31. Ba2 Rb7 32. Rdd2 Rd7 33. Bd5 Rd8 34. Rd1 Rdc8 35. Bf3 Rd8 36. Nd5+ Kg6 37. g4 fxg4 38. hxg4 Bd7 39. Be4+ f5 40. gxf5+ Bxf5 41. Rg1+ Kf7 42. Bxf5 1-0

[Event "27th 4NCL Congress Open 2022"]
[Site "Harrogate"]
[Date "2022.01.22"]
[Round "3.16"]
[White "Waterfield, Mark"]
[Black "Wilks, Simon"]
[Result "0-1"]
[ECO "C04"]
[WhiteElo "1724"]
[BlackElo "2092"]
[Annotator "ChessBase"]
[PlyCount "52"]
[EventDate "2022.01.21"]
[EventType "swiss"]
[EventCountry "ENG"]
[SourceTitle "playchess.com"]
[Source "ChessBase"]
[SourceQuality "1"]
[TimeControl "5400+30"]

1. e4 e6 2. d4 d5 3. Nd2 Nc6 4. Ngf3 Nf6 5. e5 Nd7 6. Bd3 f6 7. exf6 Qxf6 8. c3 Bd6 9. Nf1 e5 10. dxe5 Ncxe5 11. Be2 c6 12. Ng3 O-O 13. O-O Nxf3+ 14. Bxf3 Ne5 15. Be2 Qh4 16. h3 Bc5 17. Nh1 Bd7 18. Qd2 h6 19. b3 Rf6 20. c4 Bxh3 21. gxh3 Rg6+ 22. Kh2 Nf3+ 23. Bxf3 Bd6+ 24. Ng3 Bxg3+ 25. fxg3 Qxg3+ 26. Kh1 Qxh3+ 0-1

[Event "27th 4NCL Congress Open 2022"]
[Site "Harrogate"]
[Date "2022.01.22"]
[Round "3.17"]
[White "Sedykh, Mikhail"]
[Black "Hepworth, Peter"]
[Result "1-0"]
[ECO "D36"]
[WhiteElo "2122"]
[BlackElo "2007"]
[Annotator "ChessBase"]
[PlyCount "147"]
[EventDate "2022.01.21"]
[EventType "swiss"]
[EventCountry "ENG"]
[SourceTitle "playchess.com"]
[Source "ChessBase"]
[SourceQuality "1"]
[TimeControl "5400+30"]

1. d4 d5 2. c4 e6 3. Nc3 Nf6 4. cxd5 exd5 5. Bg5 c6 6. e3 Be7 7. Qc2 O-O 8. Bd3 h6 9. Bh4 b5 10. Nf3 a5 11. O-O Nfd7 12. Bg3 Na6 13. a3 b4 14. Ne2 c5 15. dxc5 Ndxc5 16. Bh7+ Kh8 17. Bf5 b3 18. Qb1 Bf6 19. Ned4 Bxf5 20. Qxf5 Ne4 21. Be5 Nac5 22. Rfd1 Ra6 23. Ne2 Na4 24. Nf4 Qc8 25. Qxc8 Rxc8 26. Nxd5 Re6 27. Bxf6 Nxf6 28. Nxf6 Rxf6 29. Rac1 Rfc6 30. Rxc6 Rxc6 31. Nd4 Nxb2 32. Rb1 Rc3 33. g3 Nc4 34. Rxb3 Rxb3 35. Nxb3 Nxa3 36. Nxa5 Nb5 37. e4 g6 38. Nc4 Kg7 39. f4 Nc3 40. Nd2 g5 41. Kf2 Nb5 42. Kf3 Nd4+ 43. Kg4 Kg6 44. f5+ Kf6 45. Nc4 Kg7 46. Nd6 Kf6 47. Nc4 Kg7 48. Ne5 Kf6 49. Nd7+ Ke7 50. Nc5 Kf6 51. Nd3 Kg7 52. Kh3 h5 53. Kg2 Nc2 54. Kf3 Kf6 55. Ke2 g4 56. Kd2 Nd4 57. Ke3 Nf3 58. h3 Kg5 59. h4+ Kh6 60. e5 Kg7 61. Kf4 Kh6 62. e6 fxe6 63. fxe6 Kg7 64. Ne5 Nd4 65. e7 Ne6+ 66. Kf5 Nc7 67. Kg5 Ne8 68. Kxh5 Kf6 69. Nxg4+ Kxe7 70. Kg6 Kf8 71. h5 Ng7 72. h6 Kg8 73. Nf6+ Kh8 74. hxg7# 1-0

[Event "27th 4NCL Congress Open 2022"]
[Site "Harrogate"]
[Date "2022.01.22"]
[Round "3.18"]
[White "Longson, Sarah N"]
[Black "Varley, Joe"]
[Result "1-0"]
[ECO "C54"]
[WhiteElo "2036"]
[BlackElo "1832"]
[Annotator "NA"]
[PlyCount "125"]
[EventDate "2022.01.21"]
[EventType "swiss"]
[EventCountry "ENG"]
[SourceTitle "playchess.com"]
[Source "ChessBase"]
[SourceQuality "1"]
[TimeControl "5400+30"]

1. e4 e5 2. Nf3 Nc6 3. Bc4 Bc5 4. O-O Nf6 5. c3 d6 6. d3 O-O 7. Nbd2 a5 8. Bb3 h6 9. Re1 Bd7 10. Nf1 Ne7 11. h3 Ng6 12. d4 Bb6 (12... a4 $11) 13. Ng3 Re8 14. Be3 exd4 15. Nxd4 Ne5 16. f4 Ng6 17. Qd3 a4 18. Bc4 ({White should play} 18. Bc2 $11) 18... Nf8 19. f5 Qe7 20. Bf2 c6 21. Qf3 N8h7 22. h4 Rad8 23. Bd3 Bc8 24. Bc2 Nd7 25. Nh5 Nhf6 26. Nxf6+ Qxf6 27. Bxa4 Ne5 28. Qg3 Bc7 29. Rad1 h5 30. Be3 Qe7 31. Bg5 f6 32. Bb3+ d5 33. Bf4 Kf8 34. exd5 cxd5 35. Kh1 Qf7 36. Ba4 Re7 37. Bb3 Rde8 38. Nb5 Bxf5 39. Nxc7 Rxc7 40. Bxd5 Qg6 41. Qxg6 Bxg6 42. Bxe5 Rxe5 $16 43. Rxe5 fxe5 44. Re1 Re7 45. c4 e4 46. Re3 Ke8 47. Kh2 Kd7 48. Bxb7 Kd6 49. Bd5 Ke5 50. Kg3 Kd4 51. Kf2 Re5 52. Ke2 Bf5 53. Kd2 Bg4 54. a4 Re7 55. a5 Bf5 56. a6 Ra7 57. Bb7 Kxc4 58. Bxe4 Rd7+ 59. Ke2 Bg4+ 60. Bf3 Bxf3+ 61. Kxf3 Rf7+ 62. Ke4 Re7+ 63. Kf4 1-0

[Event "27th 4NCL Congress Open 2022"]
[Site "Harrogate"]
[Date "2022.01.22"]
[Round "3.19"]
[White "Bak, Christopher"]
[Black "Hymer, Barry"]
[Result "1-0"]
[ECO "B07"]
[WhiteElo "2022"]
[BlackElo "1896"]
[Annotator "ChessBase"]
[PlyCount "63"]
[EventDate "2022.01.21"]
[EventType "swiss"]
[EventCountry "ENG"]
[SourceTitle "playchess.com"]
[Source "ChessBase"]
[SourceQuality "1"]
[TimeControl "5400+30"]

1. e4 d6 2. d4 Nf6 3. Nc3 e5 4. Nge2 Be7 5. g3 O-O 6. Bg2 c6 7. a4 a5 8. O-O Na6 9. h3 Re8 10. Be3 Nb4 11. Kh2 exd4 12. Bxd4 Be6 13. f4 Nd7 14. g4 Bc4 15. Rg1 Qc7 16. Ng3 Bf8 17. Qd2 Rad8 18. Rad1 f6 19. Qf2 Bf7 20. Be3 d5 21. exd5 Nxc2 22. Qxc2 Rxe3 23. Nce2 Bd6 24. dxc6 Bb3 25. Qc1 Bxf4 26. Nxf4 Qxf4 27. Rxd7 Qxg3+ 28. Kh1 Rde8 29. c7 Re1 30. Rd8 Rxc1 31. Rxc1 Kf7 32. Rxe8 1-0

[Event "27th 4NCL Congress Open 2022"]
[Site "Harrogate"]
[Date "2022.01.22"]
[Round "3.20"]
[White "Sheppard, Derek Alan"]
[Black "Nicholson, Jim W R"]
[Result "1/2-1/2"]
[ECO "D11"]
[WhiteElo "1692"]
[BlackElo "1963"]
[Annotator "ChessBase"]
[PlyCount "62"]
[EventDate "2022.01.21"]
[EventType "swiss"]
[EventCountry "ENG"]
[SourceTitle "playchess.com"]
[Source "ChessBase"]
[SourceQuality "1"]
[TimeControl "5400+30"]

1. d4 d5 2. Nf3 c6 3. e3 Nf6 4. c4 a6 5. a4 Bf5 6. Nc3 e6 7. Bd3 Bxd3 8. Qxd3 Nbd7 9. O-O Bd6 10. e4 dxe4 11. Nxe4 Nxe4 12. Qxe4 Nf6 13. Qe2 O-O 14. Rd1 Qc7 15. Ne5 c5 16. Bf4 Rad8 17. Rac1 Qa5 18. b3 cxd4 19. Rxd4 Bc5 20. Rdd1 Be7 21. h3 h6 22. Qf3 Qb6 23. Rxd8 Rxd8 24. Rd1 Rxd1+ 25. Qxd1 Qd8 26. Qxd8+ Bxd8 27. Be3 Bc7 28. Nd3 Nd7 29. Nc5 Nxc5 30. Bxc5 f5 31. b4 Kf7 1/2-1/2

[Event "27th 4NCL Congress Open 2022"]
[Site "Harrogate"]
[Date "2022.01.22"]
[Round "3.21"]
[White "Fathallah, Joe"]
[Black "Miller, George"]
[Result "1-0"]
[ECO "D32"]
[WhiteElo "1882"]
[BlackElo "1796"]
[Annotator "NA"]
[PlyCount "97"]
[EventDate "2022.01.21"]
[EventType "swiss"]
[EventCountry "ENG"]
[SourceTitle "playchess.com"]
[Source "ChessBase"]
[SourceQuality "1"]
[TimeControl "5400+30"]

1. d4 d5 2. c4 e6 3. Nc3 c5 4. dxc5 d4 5. Ne4 Bxc5 6. Nxc5 Qa5+ 7. Bd2 Qxc5 8. e3 dxe3 9. Bxe3 Qb4+ 10. Qd2 Nc6 11. Nf3 e5 12. Be2 Bf5 13. O-O f6 14. Rfd1 Nge7 15. Rac1 Kf7 16. a3 Qxd2 17. Nxd2 Rhd8 18. Nf3 Be4 19. b4 Nf5 20. Kf1 Nxe3+ 21. fxe3 Rxd1+ 22. Rxd1 Rd8 23. Rxd8 Nxd8 24. Ke1 Nc6 25. Kd2 Ne7 26. Bd3 Bc6 27. Bc2 g6 28. Kc3 Ke6 29. Bb3 Be4 30. a4 Kd6 31. Bc2 Bc6 32. c5+ Ke6 33. e4 h6 34. Bb3+ Kd7 35. Nd2 Kc7 36. b5 Bd7 37. Kb4 Bg4 38. Nc4 Nc8 39. Ne3 f5 40. h3 Be2 41. exf5 gxf5 42. Nxf5 h5 43. Ng3 Bd3 44. Nxh5 Ne7 45. Nf6 Ng6 46. Kc3 Bf1 47. Nd5+ Kd7 48. Ne3 Be2 49. Kd2 1-0